 Dungeon Crawl Stone Soup version 0.24-a0-530-g18ba70b503 (webtiles) character file.

Game seed: 4693282007827852247

7 DEFE the Covered (level 1, 0/16 HPs)
             Began as a Demonspawn Wanderer on Aug 7, 2019.
             Slain by a jackal (3 damage)
             ... on level 1 of the Dungeon.
             The game lasted 00:00:28 (170 turns).

DEFE the Covered (Demonspawn Wanderer)               Turns: 170, Time: 00:00:28

Health: 0/16       AC:  5    Str: 12    XL:     1   Next: 83%
Magic:  2/2        EV: 10    Int: 13    God:
Gold:   0          SH:  0    Dex: 12    Spells: 2/2 levels left

rFire    . . .     SeeInvis .   a - +0 club
rCold    . . .     Gourm    .   (no shield)
rNeg     . . .     Faith    .   c - +0 ring mail
rPois    .         Spirit   .   (no helmet)
rElec    .         Reflect  .   (no cloak)
rCorr    .         Harm     .   (no gloves)
MR       .....                  (no boots)
Stlth    +.........             (no amulet)
HPRegen  0.05/turn              (no ring)
MPRegen  0.08/turn              (no ring)

@: no status effects
A: no striking features
a: no special abilities


You were on level 1 of the Dungeon.
You were not hungry.

You visited 1 branch of the dungeon, and saw 1 of its levels.

Inventory:

Hand Weapons
 a - a +0 club (weapon)
Armour
 c - a +0 ring mail (worn)
Scrolls
 b - a scroll of identify {unknown}
Potions
 d - a potion of degeneration {unknown}
Comestibles
 f - 2 rations


   Skills:
 - Level 2.0 Fighting
 + Level 1.3 Maces & Flails
 - Level 2.6 Armour
 - Level 1.0 Stealth
   Level 1.0 Shields
 - Level 1.0 Spellcasting
   Level 2.1 Necromancy


You had 2 spell levels left.
You didn't know any spells.
Your spell library contained the following spells:

 Spells                   Type           Power        Failure   Level  Hunger
 Animate Skeleton         Necr           N/A          26%         1    ##.....
 Pain                     Necr           #...         26%         1    ##.....
 Apportation              Tloc           #.....       52%         1    ##.....
 Vampiric Draining        Necr           #.........   58%         3    ####...
 Regeneration             Chrm/Necr      #.........   75%         3    ####...
 Gell's Gravitas          Tloc           #.........   88%         3    ####...
 Animate Dead             Necr           N/A          94%         4    #####..


Dungeon Overview and Level Annotations

Branches:
Dungeon (1/15)

Altars:


Message History

The jackal completely misses you. The jackal barely misses you.
Unknown command.
You barely miss the jackal. The jackal misses you.
The jackal barely misses you. x2; The jackal closely misses you.
Unknown command.
Your ring mail prevents you from hitting the jackal.
The jackal bites you but does no damage. x3
Unknown command.
You hit the jackal.
You kill the jackal!
The jackal bites you but does no damage. x2
Unknown command.
You closely miss the jackal. The jackal closely misses you.
The jackal bites you but does no damage.
Unknown command.
You miss the jackal. The jackal barely misses you.
The jackal bites you but does no damage.
Unknown command.
You miss the jackal. The jackal bites you.
You die...

#..........#
#........
##.........#
#...PPPP####
##........#
#...P...#.<#
#........#
#.(.P...#..#
+........#
#...P.♣.#..#
#........#
#...P...##'#
#######..#
#.......#..# ##)##
#.......'..# #@h#
#.......#... ##.##
#...P...##'# #..#
#...P.♣.#...
##.###...P...#...
###..##...P...#...
#.........PPPP####
#....)............
.....................
###.####.#.##########


You could see a jackal.

Vanquished Creatures
  A goblin (D:1)
  2 hobgoblins (D:1)
  A jackal (D:1)
  A bat (D:1)
  A rat (D:1)
6 creatures vanquished.

Notes
Turn   | Place    | Note
-------+----------+-------------------------------------------
     0 | D:1      | DEFE the Demonspawn Wanderer began the quest for the Orb.
     0 | D:1      | DEFE set off with the following items: a +0 club, a +0 ring
                  | mail, a ration; and the following spells available to
                  | memorise: Animate Skeleton, Pain, Apportation, Vampiric
                  | Draining, Regeneration, Gell's Gravitas, Animate Dead
     0 | D:1      | Reached XP level 1. HP: 16/16 MP: 2/2
   141 | D:1      | Reached skill level 1 in Maces & Flails
   170 | D:1      | Slain by a jackal

Levels and vault maps discovered:
D:1:      evilmike_arrival_home_sweet_home, layout_basic, dk_noncrumbling_3,
          minmay_misc_feat_four_crosses, chequers_jeans,
          minmay_misc_feat_encased, serial_bayou_pond_d

Skill      XL: |  1 |
---------------+----+-----
Maces & Flails | 1 |  1.3
Fighting       | |  2.0
Armour         | |  2.6
Stealth        | |  1.0
Shields        | |  1.0
Spellcasting   | |  1.0
Necromancy     | |  2.1

Action                   || total
-------------------------++-------
Melee: Club              ||    40
Armor: Ring mail         ||    43
Dodge: Dodged            ||    48

Table legend:
 A = Non-vault XP
 B = Vault XP
 C = Vault XP percentage of total XP
 D = Non-vault monster count
 E = Vault monster count
 F = Vault count percentage of total count
                 A         B        C        D         E       F
            +---------+---------+-------+---------+---------+-------
      Total |      10 |       0 |   0.0 |       6 |       0 |   0.0
            +---------+---------+-------+---------+---------+-------
        D:1 |      10 |       0 |   0.0 |       6 |       0 |   0.0
            +---------+---------+-------+---------+---------+-------
